 Dungeon Crawl Stone Soup version 0.24.0-28-g17ded55e90 (webtiles) character file.

Game seed: 7897094465123390220, levelgen mode: deterministic

3397 Delamore the Severer (level 10, -6/77 HPs)
             Began as a Hill Orc Fighter on Nov 13, 2019.
             Was an Initiate of Qazlal.
             Mangled by a death yak (10 damage)
             ... on level 9 of the Dungeon.
             The game lasted 00:11:23 (8277 turns).

Delamore the Severer (Hill Orc Fighter)             Turns: 8277, Time: 00:11:23

Health: -6/77      AC: 12    Str: 23 (25) XL:     10   Next: 4%
Magic:  10/10      EV:  8    Int:  6 (8)  God:    Qazlal [......]
Gold:   722        SH:  9    Dex: 13 (15) Spells: 9/9 levels left

rFire    . . .     SeeInvis .   C - +9 mace "Pyilidoxue" {pain, MR+ Str+2}
rCold    + . .     Gourm    .   c - +0 shield
rNeg     . . .     Faith    .   H - +3 leather armour of the Ant {rPois Dex+5}
rPois    +         Spirit   .   J - +2 hat
rElec    .         Reflect  .   (no cloak)
rCorr    .         Harm     .   g - +2 pair of gloves
MR       +....                  w - +0 pair of boots
Stlth    +.........             (no amulet)
HPRegen  0.22/turn              h - ring of protection from cold
MPRegen  0.12/turn              (no ring)

@: no status effects
A: no striking features
a: Renounce Religion


You were on level 9 of the Dungeon.
You worshipped Qazlal.
Qazlal was noncommittal.
You were not hungry.

You visited 2 branches of the dungeon, and saw 10 of its levels.
You also visited: Ossuary.

You collected 722 gold pieces.

Inventory:

Hand Weapons
 C - the +9 mace "Pyilidoxue" (weapon) {pain, MR+ Str+2}
   (You found it on level 6 of the Dungeon)

   In the hands of one skilled in necromantic magic, it inflicts extra damage on
   living creatures.
   It affects your strength (+2).
   It affects your resistance to hostile enchantments.
 I - a +1 war axe of venom
Missiles
 e - 7 javelins (quivered)
Armour
 c - a +0 shield (worn)
 g - a +2 pair of gloves (worn)
 w - a +0 pair of boots (worn)
 H - the +3 leather armour of the Ant (worn) {rPois Dex+5}
   (You found it on level 6 of the Dungeon)

   It affects your dexterity (+5).
   It protects you from poison.
 J - a +2 hat (worn)
Jewellery
 h - a ring of protection from cold (left hand)
 s - an uncursed ring of ice
Wands
 b - a wand of paralysis (6)
 u - a wand of polymorph (12)
 D - a wand of random effects (12)
 E - a wand of scattershot (8)
 L - a wand of flame (18)
Scrolls
 i - 9 scrolls of teleportation {unknown}
 k - 2 scrolls of random uselessness {unknown}
 l - 3 scrolls of enchant armour {unknown}
 m - 7 scrolls of identify {unknown}
 n - 12 scrolls of remove curse {unknown}
 q - 3 scrolls of magic mapping {unknown}
 x - 3 scrolls of amnesia {unknown}
 y - a scroll of blinking {unknown}
 B - a scroll of noise {unknown}
 K - a scroll of fear {unknown}
Potions
 a - a potion of ambrosia {unknown}
 d - 2 potions of might
 j - a potion of heal wounds {unknown}
 o - 3 potions of curing
 r - a potion of degeneration
 t - a potion of agility {unknown}
 v - a potion of brilliance
 z - a potion of resistance {unknown}
Comestibles
 f - 21 rations


   Skills:
 - Level 3.6 Fighting
 + Level 16.9 Axes
 - Level 3.2 Armour
 - Level 3.2 Shields


You had 9 spell levels left.
You didn't know any spells.
Your spell library contained the following spells:

 Spells                   Type           Power        Failure   Level  Hunger
 Confusing Touch          Hex            #.....       95%         1    ##.....
 Corona                   Hex            #......      95%         1    ##.....
 Ensorcelled Hibernation  Hex/Ice        #.....       98%         2    ###....
 Confuse                  Hex            #.......     100%        3    ####...
 Dazzling Spray           Conj/Hex       #.....       100%        3    ####...
 Gell's Gravitas          Tloc           #.........   100%        3    ####...
 Tukima's Dance           Hex            #.......     100%        3    ####...
 Leda's Liquefaction      Hex/Erth       #.........   100%        4    #####..
 Petrify                  Tmut/Erth      #.......     100%        4    #####..
 Bolt of Magma            Conj/Fire/Erth #.........   100%        5    ######.
 Metabolic Englaciation   Hex/Ice        #.........   100%        5    ######.
 Yara's Violent Unravell  Hex/Tmut       #.........   100%        5    ######.
 Iron Shot                Conj/Erth      #.........   100%        6    #######
 Statue Form              Tmut/Erth      #........    100%        6    #######
 Shatter                  Erth           #.........   100%        9    #######


Dungeon Overview and Level Annotations

Branches:
Dungeon (9/15)             Temple (1/1) D:6            Lair (0/6) D:9
Ossuary (visited)
    Orc: D:9-12

Altars:
Ashenzari
Cheibriados
Dithmenos
Elyvilon
Fedhas
Gozag
Hepliaklqana
Kikubaaqudgha
Makhleb
Nemelex Xobeh
Qazlal
Trog
Uskayaw
Vehumet
Wu Jian
Xom
Yredelemnul
Zin
The Shining One

Shops:
D:4 *[[


Message History

It was a potion of flight.
You feel very buoyant.
You fly up into the air.
The death yak barely misses you.
It was a potion of lignification.
You turn into a tree.
Your +2 hat melds into your body.
Your +2 pair of gloves melds into your body.
Your +0 pair of boots melds into your body.
The +3 leather armour of the Ant {rPois Dex+5} melds into your body.
Your roots penetrate the ground.
You block the death yak's attack.
It was a potion of cancellation.
Your magical effects are unravelling.
You feel magically purged.
You feel less wooden.
Your +2 hat unmelds from your body.
Your +2 pair of gloves unmelds from your body.
Your +0 pair of boots unmelds from your body.
The +3 leather armour of the Ant {rPois Dex+5} unmelds from your body.
You feel a little less clever now. The death yak gores you!
You die...

#..........# ..
#.......#.# ######
#..P....#.# ......
#.....##.# #..
#...###.# #..
##.#t##.# #).
#[tH#..# #..
###Y#.#######. #[.
#@.......... #.#
###.############.#
#.# #......# #.#
#.#####<
#.#######.# ##
#.........#
###########


You could see a death yak, a hippogriff and 2 crocodiles.

Vanquished Creatures
  A two-headed ogre (D:8)
  Psyche (D:8)
  A spriggan (D:7)
  Sigmund (D:6)
  Edmund (D:5)
  A sky beast (D:5)
  A phantom (D:4)
  4 ogres
  2 centaurs (D:7)
  An elf zombie (Ossuary)
  2 bullfrogs
  A scorpion (D:4)
  5 crimson imps
  3 howler monkeys
  A centaur zombie (D:6)
  A bullfrog zombie (D:5)
  The ghost of glosham the Ducker, a weakling FeBe of Trog (D:4)
  2 hounds
  An orc priest (D:3)
  2 jellies
  An iguana (D:5)
  3 orc wizards
  6 worker ants
  2 big kobold zombies (Ossuary)
  A hound skeleton (D:5)
  2 mummies (Ossuary)
  6 gnolls (D:5)
  7 adders
  An ooze (D:3)
  A worm (D:5)
  3 dart slugs
  3 leopard geckos
  24 orcs
  A ball python (D:5)
  5 giant cockroaches
  3 gnoll zombies (Ossuary)
  8 goblins
  16 hobgoblins
  10 jackals
  4 quokkas
  7 bats
  5 frilled lizards
  3 goblin zombies (Ossuary)
  A hobgoblin zombie (Ossuary)
  A jackal skeleton (D:4)
  17 kobolds
  A leopard gecko skeleton (D:8)
  4 orc zombies (Ossuary)
  8 rats
187 creatures vanquished.

Notes
Turn   | Place    | Note
-------+----------+-------------------------------------------
     0 | D:1      | Delamore the Hill Orc Fighter began the quest for the Orb.
     0 | D:1      | Reached XP level 1. HP: 19/19 MP: 1/1
    62 | D:1      | Reached skill level 3 in Axes
    95 | D:1      | Reached XP level 2. HP: 26/26 MP: 2/2
   340 | D:1      | Reached skill level 4 in Axes
   369 | D:1      | Reached XP level 3. HP: 19/31 MP: 3/3
   888 | D:1      | Reached skill level 5 in Axes
  1230 | D:2      | Reached XP level 4. HP: 39/39 MP: 4/4
  1722 | D:3      | Reached skill level 6 in Axes
  1873 | D:3      | Reached XP level 5. HP: 33/45 MP: 5/5
  2021 | D:3      | Reached skill level 7 in Axes
  2364 | D:4      | Noticed a phantom
  2401 | D:4      | Killed a phantom
  2401 | D:4      | Reached skill level 8 in Axes
  2401 | D:4      | Reached XP level 6. HP: 16/51 MP: 6/6
  2644 | D:4      | Found Xesoimedu's General Store.
  2694 | D:4      | Reached skill level 9 in Axes
  2811 | D:4      | Found a shimmering altar of Xom.
  2824 | D:4      | Reached XP level 7. HP: 57/57 MP: 7/7
  2838 | D:4      | Reached skill level 10 in Axes
  2908 | D:4      | Found Foita's Armour Shoppe.
  2932 | D:4      | Found Hies's Antique Armour Boutique.
  3607 | D:4      | Found a runed translucent door.
  3608 | D:4      | Noticed glosham's ghost (weakling FeBe)
  3626 | D:4      | Killed glosham's ghost
  3763 | D:5      | Entered Level 5 of the Dungeon
  3772 | D:5      | Reached skill level 11 in Axes
  3779 | D:5      | Found a sand-covered staircase.
  3792 | Ossuary  | Entered an ossuary
  3823 | Ossuary  | Reached XP level 8. HP: 38/64 MP: 8/8
  4109 | D:5      | Found a white marble altar of Elyvilon.
  4129 | D:5      | Reached skill level 12 in Axes
  5039 | D:5      | Noticed Edmund
  5054 | D:5      | Killed Edmund
  5054 | D:5      | Reached skill level 13 in Axes
  5680 | D:6      | Noticed Sigmund
  5691 | D:6      | Got a scorched mace
  5858 | D:5      | Identified the +9 mace "Pyilidoxue" {pain, MR+ Str+2} (You
                  | found it on level 6 of the Dungeon)
  5864 | D:6      | Killed Sigmund
  5864 | D:6      | Reached skill level 14 in Axes
  5864 | D:6      | Reached XP level 9. HP: 63/70 MP: 9/9
  5971 | D:6      | Found a staircase to the Ecumenical Temple.
  5994 | Temple   | Entered the Ecumenical Temple
  6138 | Temple   | Became a worshipper of Qazlal Stormbringer
  6416 | D:6      | Found a radiant altar of Vehumet.
  6738 | D:6      | Got a slimy leather armour
  6821 | D:6      | Identified the +3 leather armour of the Ant {rPois Dex+5}
                  | (You found it on level 6 of the Dungeon)
  7077 | D:7      | Reached skill level 15 in Axes
  7789 | D:8      | Noticed a two-headed ogre
  7797 | D:8      | Killed a two-headed ogre
  7797 | D:8      | Reached skill level 16 in Axes
  7923 | D:8      | Noticed Psyche
  7930 | D:8      | Killed Psyche
  7930 | D:8      | Reached XP level 10. HP: 74/77 MP: 10/10
  8237 | D:9      | Noticed a death yak
  8240 | D:9      | Found a staircase to the Lair.
  8272 | D:9      | HP: 3/77 [death yak (21)]
  8277 | D:9      | Mangled by a death yak

Levels and vault maps discovered:
D:1:      dpeg_arrival_radiant, layout_basic, minivault_11, fountainhead,
          chequers_serial_rivers_small_3
D:2:      layout_basic, minivault_24
D:3:      layout_loops_ring
D:4:      layout_cave_pods, led_xom_imps, serial_shops, shop, shop,
          nicolae_shop_trees, ebering_ghost_reflecting_pool
D:5:      corexii_shantytown, layout_basic, serial_bayou, serial_bayou_crossing,
          serial_bayou_pond_d, serial_bayou_pond_b, serial_bayou_lake_a,
          first_ration, enter_ossuary_1, hangedman_abyss_or_decor_passed,
          lemuel_altar_in_water, uniq_edmund
D:6:      layout_gridville, minmay_temple_entry_drinking_statues, basic_altar,
          dk_noncrumbling_3, uniq_sigmund
D:7:      layout_gridville, the_bakery
D:8:      layout_basic, dk_rats_in_the_wall, uniq_psyche, uniq_prince_ribbit1
D:9:      layout_loops_ring, david_lair_generic, serial_rivers,
          chequers_serial_rivers_room_b, chequers_serial_rivers_micro_e,
          chequers_serial_rivers_micro_a, chequers_serial_rivers_room_a,
          chequers_serial_rivers_large_a, chequers_serial_rivers_room_a
Temple:   roderic_octagonal_lattice_temple

Skill      XL: |  1  2  3  4  5  6  7  8  9 |
---------------+----------------------------+-----
Axes           | 3 4 5 6 8 9 11 14 16 | 16.9
Fighting       | |  3.6
Armour         | |  3.2
Shields        | |  3.2

Action                   |  1- 3 |  4- 6 |  7- 9 | 10-12 || total
-------------------------+-------+-------+-------+-------++-------
Melee: War axe           |    89 |   173 |   319 |       ||   581
       Mace              |       |       |    73 |    39 ||   112
  Use: Potion            |       |       |       |     6 ||     6
 Stab: Distracted        |       |       |       |     1 ||     1
  Eat: Chunk             |     1 |     6 |    13 |     1 ||    21
       Ration            |       |       |     1 |       ||     1
Armor: Scale mail        |    50 |    78 |   123 |       ||   251
       Leather armour    |       |       |    11 |     7 ||    18
Dodge: Dodged            |    23 |    46 |    97 |    16 ||   182
Block: Shield            |    44 |    86 |   137 |    21 ||   288
